 Dungeon Crawl Stone Soup version 0.27.1-1-g398f81649c (webtiles) character file.

Game seed: 17817740517607072619

84 Descartes the Covert (level 4, 0/23 HPs)
             Began as a Spriggan Delver on Sept 20, 2021.
             Succumbed to a kobold's poison
             ... on level 5 of the Dungeon.
             The game lasted 00:00:36 (60 turns).

Descartes the Covert (Spriggan Delver)                Turns: 60, Time: 00:00:36

Health: 0/23       AC:  2    Str:  9    XL:     4   Next: 23%
Magic:  5/5        EV: 17    Int: 11    God:
Gold:   0          SH:  0    Dex: 16    Spells: 3/3 levels left

rFire    . . .     SeeInvis +   a - +0 short sword
rCold    . . .     Faith    .   (shield restricted)
rNeg     . . .     Spirit   .   b - +0 robe
rPois    .         Reflect  .   (helmet restricted)
rElec    .         Harm     .   (no cloak)
rCorr    .         Rampage  .   (gloves unavailable)
Will     .....                  (boots unavailable)
Stlth    ++++......             (no amulet)
HPRegen  0.07/turn              (no ring)
MPRegen  0.09/turn              (no ring)

@: lethally poisoned (0 -> -1), very quick
A: very small, no large weapons, unfitting armour, see invisible, speed 3
a: no special abilities


You were on level 5 of the Dungeon.
You visited 1 branch of the dungeon, and saw 1 of its levels.

Inventory:

Hand Weapons
 a - a +0 short sword (weapon)
Armour
 b - a +0 robe (worn)
Wands
 g - a wand of digging (3)
Scrolls
 c - a scroll of fog
 d - a scroll of magic mapping
 e - a scroll of fear
Potions
 f - a potion of haste


   Skills:
 + Level 2.7 Fighting
 + Level 2.3 Short Blades
 + Level 2.8 Dodging
 + Level 9.2 Stealth


You had 3 spell levels left.
You didn't know any spells.
Your spell library was empty.

Dungeon Overview and Level Annotations

Branches:
Dungeon (5/15)
 Temple: D:4-7

Altars:


Innate Abilities, Weirdness & Mutations

You are very small and have problems with some larger weapons.
You are too small for most types of armour.
You have supernaturally acute eyesight. (SInv)
You cover ground extremely quickly. (Speed+++)


Message History

You closely miss the kobold. The kobold hits you with a +0 whip.
The kobold barely misses you. x2; The kobold throws a poisoned dart.
The poisoned dart misses you.
You closely miss the kobold. The kobold barely misses you.
The kobold misses you. x2
A kobold brigand comes into view.
It is wielding a +0 club and quivering curare-tipped darts.
You closely miss the kobold. The kobold closely misses you.
The kobold misses you. The kobold barely misses you. x2
You hit the kobold but do no damage. The kobold closely misses you. x2
The kobold barely misses you. The kobold hits you with a +0 whip.
You hit the kobold.
The kobold is heavily wounded.
The kobold completely misses you. The kobold closely misses you.
The kobold hits you with a +0 short sword.
The kobold misses you.
You barely miss the kobold.
The kobold is heavily wounded.
The kobold hits you with a +0 whip. The kobold misses you.
The kobold barely misses you. The kobold hits you with a +0 whip.
* * * LOW HITPOINT WARNING * * *
A kobold comes into view.
It is wielding a +0 dagger and quivering poisoned darts.
You hit the kobold.
The kobold is moderately wounded.
Found a ring mail.
The kobold throws a poisoned dart.
The poisoned dart hits you!
You are lethally poisoned!
* * * LOW HITPOINT WARNING * * *
You feel sick.
* * * LOW HITPOINT WARNING * * *
You feel sick.
* * * LOW HITPOINT WARNING * * *
You feel sick.
* * * LOW HITPOINT WARNING * * *
You feel sick.
* * * LOW HITPOINT WARNING * * *
You feel sick.
* * * LOW HITPOINT WARNING * * *
You feel sick.
Okay, then.
You die...

##############
.............#
.......@.....#
####+######..#
#..# #..###
#....##
#.....#
#..#..#
#K.#.[#
#.....#


There were no monsters in sight!

Vanquished Creatures
  An ogre (D:5)
  A kobold (D:5)
2 creatures vanquished.

Notes
Turn   | Place    | Note
-------+----------+-------------------------------------------
     0 | D:5      | Descartes the Spriggan Delver began the quest for the Orb.
     0 | D:5      | Reached XP level 1. HP: 11/11 MP: 2/2
     2 | D:5      | Noticed an ogre
     9 | D:5      | Killed an ogre
    10 | D:5      | Reached skill level 9 in Stealth
    10 | D:5      | Reached XP level 2. HP: 16/16 MP: 3/3
    10 | D:5      | Reached XP level 3. HP: 19/19 MP: 4/4
    10 | D:5      | Reached XP level 4. HP: 23/23 MP: 5/5
    26 | D:5      | Noticed a kobold brigand
    58 | D:5      | HP: 1/23 [poisoned by a kobold]
    60 | D:5      | Succumbed to a kobold's poison

Illustrated notes

Levels and vault maps discovered:
D:5:      layout_cave_pools, nicolae_overflow_hidden_temple,
          jmf_multi_god_temple, minmay_temple_entry_offerings,
          mrwooster_statue_mirror, minmay_pentangle

Skill      XL: |  1 |
---------------+----+-----
Stealth        | 9 |  9.2
Fighting       | |  2.7
Short Blades   | |  2.3
Dodging        | |  2.8

Action                   |  1- 3 |  4- 6 || total
-------------------------+-------+-------++-------
Melee: Short sword       |     1 |    14 ||    15
 Stab: Sleeping          |     1 |       ||     1
Dodge: Dodged            |       |    26 ||    26
